 Dungeon Crawl Stone Soup version 0.23-a0-644-gb60d84b635 (webtiles) character file.

78 LLavrengius the Skirmisher (level 4, 0/37 HPs)
             Began as a Formicid Abyssal Knight on Jan 2, 2019.
             Was a Follower of Lugonu.
             Slain by Sigmund
             ... wielding a +0 scythe
              (5 damage)
             ... on level 3 of the Dungeon.
             The game lasted 00:08:16 (3071 turns).

LLavrengius the Skirmisher (FoAK)                   Turns: 3071, Time: 00:08:16

Health: 0/37       AC: 11    Str: 17    XL:     4   Next: 61%
Magic:  5/5        EV:  5    Int: 12    God:    Lugonu [*.....]
Gold:   180        SH:  0    Dex: 10    Spells: 3/3 levels left

rFire    . . .     SeeInvis +   a - +1 spear
rCold    . . .     Gourm    +   (no shield)
rNeg     . . .     Faith    .   r - +0 plate armour
rPois    .         Spirit   .   (helmet unavailable)
rElec    .         Reflect  .   (no cloak)
rCorr    .         Harm     .   (no gloves)
MR       .....                  (no boots)
Stlth    ..........             m - amulet of the gourmand
HPRegen  0.12/turn              (no ring)
MPRegen  0.09/turn              (no ring)

@: confused, very slightly contaminated, invisible
A: permanent stasis, dig shafts and tunnels, four strong arms, antennae 3
a: Dig, Shaft Self, Depart the Abyss, Renounce Religion


You were on level 3 of the Dungeon.
You worshipped Lugonu.
Lugonu was aware of your devotion.
You were full.

You visited 1 branch of the dungeon, and saw 3 of its levels.
You visited the Abyss 1 time.

You collected 180 gold pieces.

Inventory:

Hand Weapons
 a - a +1 spear (weapon)
 u - a +0 whip of electrocution
Missiles
 f - 70 bolts
 h - 6 tomahawks (quivered)
 q - 21 sling bullets
 w - 22 stones
Armour
 b - a +0 leather armour
 k - a +0 scale mail
 r - a +0 plate armour (worn)
Jewellery
 m - an amulet of the gourmand (around neck)
Scrolls
 d - a scroll of noise {unknown}
 e - 3 scrolls of identify {unknown}
 g - a scroll of fear {unknown}
 i - a scroll of amnesia {unknown}
 j - 2 scrolls of fog {unknown}
 n - a scroll of blinking {unknown}
 p - a scroll of enchant armour {unknown}
 v - a scroll of remove curse {unknown}
Potions
 l - a potion of degeneration {unknown}
 o - a potion of heal wounds {unknown}
 t - 2 potions of invisibility
Comestibles
 c - 6 rations


   Skills:
 + Level 4.1 Fighting
 + Level 3.0 Polearms
 + Level 3.0 Armour
 - Level 1.0 Dodging
 - Level 2.6 Invocations


You had 3 spell levels left.
You didn't know any spells.
Your spell library was empty.

Dungeon Overview and Level Annotations

Branches:
Dungeon (3/15)

Altars:
Ru

Annotations:
D:3 Sigmund


Innate Abilities, Weirdness & Mutations

You cannot be hasted, slowed, berserked, paralysed or teleported.
You can dig through walls and to a lower floor.
Your four strong arms can wield two-handed weapons with a shield.
You have a pair of large antennae on your head. (SInv)


Message History

Sigmund is heavily wounded.
You hit Sigmund but do no damage.
Sigmund is heavily wounded.
Sigmund points at you and mumbles some strange words.
The puff of flame misses you.
You hit Sigmund.
Sigmund is heavily wounded.
Sigmund points at you and mumbles some strange words.
You resist with some effort.
You closely miss Sigmund.
Sigmund is heavily wounded.
Sigmund barely misses you.
You hit Sigmund.
Sigmund is severely wounded.
Sigmund points at you and mumbles some strange words.
You are confused.
Sigmund barely misses you.
You bump into the rock wall.
You bump into the rock wall.
Sigmund hits you with a +0 scythe.
You die...

..# #..# #..#
.# ...# ### #.
#..# ....#.
#..#
#..#.######..#
#..........@.#
##.#........@.#
....(....######
##...⌠..##
##......#
#......#
##.#...# #
#.#..## ..
#.#.## ..
.#####.#.#


You could see Sigmund.

Vanquished Creatures
  2 adders
  2 dart slugs
  3 leopard geckos
  7 bats
  4 giant cockroaches
  3 hobgoblins
  10 jackals
  A quokka (D:2)
  2 frilled lizards
  5 goblins
  3 kobolds (D:2)
  6 rats
48 creatures vanquished.

Notes
Turn   | Place    | Note
-------+----------+-------------------------------------------
     0 | Abyss:1  | LLavrengius the Formicid Abyssal Knight began the quest for
                  | the Orb.
     0 | Abyss:1  | Reached XP level 1. HP: 18/18 MP: 2/2
    61 | Abyss:1  | Noticed an iron imp
    79 | Abyss:1  | Noticed a wretched star
    81 | D:1      | Escaped the Abyss
   223 | D:1      | Reached XP level 2. HP: 24/24 MP: 3/3
   659 | D:1      | Reached * piety under Lugonu
   663 | D:1      | Reached XP level 3. HP: 30/30 MP: 4/4
   674 | D:1      | Reached skill level 1 in Dodging
  1354 | D:2      | Found a sacrificial altar of Ru.
  1693 | D:2      | Reached skill level 4 in Fighting
  1693 | D:2      | Reached XP level 4. HP: 33/37 MP: 5/5
  3026 | D:3      | Noticed Sigmund
  3071 | D:3      | Slain by Sigmund

Vault maps used:
D:1:      minmay_arrival_jagged
D:2:      minmay_evil_eye, nicolae_ru_the_path_less_chosen
D:3:      solitary_fountain, uniq_sigmund

Skill      XL: |  1  2  3  4 |
---------------+-------------+-----
Dodging        | 1 |  1.0
Fighting       | 4 |  4.1
Armour         | 3 |  3.0
Polearms       | 3 |  3.0
Invocations    | |  2.6

Action                   |  1- 3 |  4- 6 || total
-------------------------+-------+-------++-------
Melee: Spear             |   166 |    87 ||   253
Invok: Depart the Abyss  |     1 |       ||     1
 Abil: Dig               |       |     1 ||     1
  Use: Potion            |       |     2 ||     2
 Stab: Invisible         |       |     1 ||     1
  Eat: Chunk             |     5 |     8 ||    13
Armor: Leather armour    |    30 |       ||    30
       Scale mail        |    38 |       ||    38
       Plate armour      |     3 |    28 ||    31
Dodge: Dodged            |    67 |    19 ||    86

Table legend:
 A = Non-vault XP
 B = Vault XP
 C = Vault XP percentage of total XP
 D = Non-vault monster count
 E = Vault monster count
 F = Vault count percentage of total count
                 A         B        C        D         E       F
            +---------+---------+-------+---------+---------+-------
      Total |     112 |       0 |   0.0 |      48 |       0 |   0.0
            +---------+---------+-------+---------+---------+-------
        D:1 |      44 |       0 |   0.0 |      24 |       0 |   0.0
        D:2 |      53 |       0 |   0.0 |      22 |       0 |   0.0
        D:3 |      15 |       0 |   0.0 |       2 |       0 |   0.0
            +---------+---------+-------+---------+---------+-------
